 Dungeon Crawl Stone Soup version 0.18-a0-731-ga019a5f (webtiles) character file.

60 FilthyCasual the Insei (level 3, -1/29 HPs)
             Began as a Mummy Monk on Dec 9, 2015.
             Slain by a killer bee (4 damage)
             ... on level 3 of the Dungeon.
             The game lasted 00:02:33 (1887 turns).

FilthyCasual the Insei (Mummy Monk)                 Turns: 1887, Time: 00:02:34

Health: -1/29      AC:  5    Str: 14    XL:     3   Next: 82%
Magic:  3/3        EV: 12    Int:  9    God:
Gold:   107        SH:  0    Dex: 15    Spells: 0 memorised, 2 levels left

rFire  x . .     SeeInvis .       - Unarmed
rCold  + . .     Clarity  .     e - +0 ring mail
rNeg   + + +     SustAt   .     (no shield)
rPois  ∞         Gourm    .     (no helmet)
rElec  .         Spirit   .     (no cloak)
rCorr  .         Dismiss  .     (no gloves)
rMut   .         Stasis   .     (no boots)
MR     .....                    (no amulet)
Stlth  ++........               (no ring)
                                f - ring of stealth

@: not resistant to hostile enchantments, unstealthy
A: no food or potions, fire vulnerability, cold resistance 1, negative energy
resistance 3, torment resistance, unbreathing
a: no special abilities


You were on level 3 of the Dungeon.
You were not hungry.

You visited 1 branch of the dungeon, and saw 3 of its levels.

You collected 107 gold pieces.


Innate Abilities, Weirdness & Mutations

You do not eat or drink.
Your flesh is vulnerable to fire.
You are immune to poison.
Your flesh is cold resistant.
You are immune to negative energy.
You are immune to unholy pain and torment.
You can survive without breathing.


   Skills:
 + Level 3.5 Fighting
 + Level 3.0 Dodging
 + Level 2.0 Stealth
 + Level 3.6 Unarmed Combat


You had 2 spell levels left.
You didn't know any spells.

Inventory:

Armour
 a - a +0 robe
 e - a +0 ring mail (worn)
Jewellery
 f - a ring of stealth (left hand)
 h - an uncursed amulet of clarity {unknown}
Wands
 g - a wand of digging (1)
Scrolls
 b - 4 scrolls of identify {unknown}
 c - a scroll of immolation {unknown}
 d - a scroll of remove curse {unknown}

Dungeon Overview and Level Annotations

Branches:
Dungeon (3/15)

Altars:
Pakellas
Trog

Annotations:
D:2 Purgy

▒...▒
▒▒...▒▒
▒.....
▒....▒
▒....▒
▒....▒
▒£...▒
▒▒▒yyl.▒▒▒▒
▒▒▒
▒..My.......
...
▒.▒.......^.
...
▒.▒▒▒▒▒▒▒▒▒▒
▒▒▒▒▒▒ ▒.▒
▒..... ▒.▒
▒▒▒.▒▒ ▒.▒
▒.▒. ▒▒▒▒▒.▒
▒.▒. ▒.....▒
▒.▒. ▒▒.▒▒▒▒
▒.▒.


You could see 3 killer bees and a giant newt.


Message History

The giant newt closely misses you.
The killer bee buzzes angrily.
You hit the killer bee.
The killer bee is lightly wounded.
The killer bee stings you but does no damage.
The killer bee stings you. The killer bee closely misses you.
The killer bee stings you but does no damage.
The giant newt bites you but does no damage.
You barely miss the killer bee.
The killer bee is lightly wounded.
The killer bee barely misses you. x2
The killer bee stings you but does no damage.
The killer bee barely misses you. The giant newt barely misses you.
You closely miss the killer bee.
The killer bee is lightly wounded.
The killer bee stings you. The killer bee barely misses you.
You closely miss the killer bee.
The killer bee is lightly wounded.
The killer bee stings you.
* * * LOW HITPOINT WARNING * * *
The killer bee closely misses you.
The killer bee stings you but does no damage. x2
The giant newt bites you.
* * * LOW HITPOINT WARNING * * *
The killer bee stings you.
* * * LOW HITPOINT WARNING * * *
The killer bee stings you!
* * * LOW HITPOINT WARNING * * *
The killer bee barely misses you. The killer bee stings you.
You die...

Action                   || total
-------------------------++-------
Melee: Unarmed           ||   145
 Stab: Sleeping          ||     6

Vault maps used:
D:1:      lightli_arrival_statuegarden, serial_park_tiny_pond
D:2:      lemuel_coloured_pillars_altar, first_bread, johnstein_pakellas_dig
D:3:      uniq_purgy

Notes
Turn   | Place    | Note
--------------------------------------------------------------
     0 | D:1      | FilthyCasual the Mummy Monk began the quest for the Orb.
     0 | D:1      | Reached XP level 1. HP: 18/18 MP: 1/1
   461 | D:1      | Reached XP level 2. HP: 24/24 MP: 2/2
  1051 | D:2      | Reached XP level 3. HP: 29/29 MP: 3/3
  1378 | D:2      | Reached skill level 3 in Dodging
  1426 | D:2      | Found an oddly glowing altar of Pakellas.
  1530 | D:2      | Reached skill level 2 in Stealth
  1617 | D:2      | Found a bloodstained altar of Trog.
  1666 | D:3      | Noticed Purgy
  1887 | D:3      | Slain by a killer bee

Vanquished Creatures
  An adder (D:2)
  2 oozes (D:2)
  3 worms (D:2)
  A giant gecko (D:2)
  A giant cockroach (D:3)
  7 goblins
  A hobgoblin (D:1)
  A quokka (D:2)
  5 bats
  2 giant newts (D:2)
  6 kobolds
  3 rats (D:1)
33 creatures vanquished.
